Map: Cyber Forest LE

Players

SortOf - Winner!

  • Race: Zerg Zerg
  • Spawn Location: 11:00

InZaNe

  • Race: Terran Terran
  • Spawn Location: 5:00

Event: 2019 WCS Spring

VOD

Have the link to the VOD?

Description

Time

  • Played on: May 17, 2019, 11:05 a.m.
  • Length: 6:34

All games in this series

Show
View Real Time Build Order
Export as new Build Order

SortOf Zerg - Winner!

Build Orders: Hatch First 

Get SALT Encoding   

  12  0:01  Drone  
  13  0:12  Overlord  
  13  0:17  Drone  
  14  0:31  Drone  
  14  0:33  Drone  
  16  0:49  Hatchery  
  15  0:52  Drone  
  15  0:55  Drone  
  17  0:59  Drone  
  18  1:10  Extractor  
  17  1:16  Spawning Pool  
  17  1:17  Drone  
  17  1:21  Drone  
  18  1:28  Drone  
  19  1:39  Drone  
  20  1:50  Overlord  
  20  2:02  Queen x2  
  20  2:04  Zergling x2  
  20  2:05  Zergling x2  
  26  2:12  Drone  
  26  2:13  Drone  
  28  2:23  Hatchery  
  28  2:26  Drone  
  28  2:29  Drone  
  29  2:35  Drone  
  29  2:36  Drone  
  31  2:38  Metabolic Boost  
  31  2:45  Overlord  
  31  2:47  Drone  
  32  2:54  Drone x2  
  32  2:58  Queen  
  37  3:05  Drone x2  
  38  3:14  Drone x3  
  38  3:16  Queen  
  38  3:19  Overlord  
  43  3:23  Drone  
  44  3:33  Overlord  
  44  3:36  Queen, Drone  
  44  3:37  Drone  
  48  3:42  Drone x4  
  48  3:43  Drone  
  48  3:46  Drone  
  54  3:50  Overlord  
  54  3:52  Drone  
  54  3:55  Queen  
  57  3:58  Drone  
  57  4:01  Lair  
  58  4:04  Overlord  
  58  4:08  Overlord  
  58  4:11  Drone x2  
  58  4:15  Drone x3  
  63  4:19  Queen  
  63  4:23  Zergling x2  
  63  4:24  Zergling x4  
  68  4:25  Drone x2  
  68  4:27  Drone  
  68  4:30  Extractor  
  70  4:32  Extractor  
  70  4:34  Baneling Nest  
  70  4:36  Drone x3  
  71  4:42  Overlord  
  71  4:43  Spore Crawler  
  71  4:44  Queen  
  72  4:46  Drone  
  72  4:47  Drone  
  72  4:50  Overlord  
  72  4:51  Drone x2  
  76  4:55  Extractor  
  76  4:56  Drone x3  
  77  5:01  Zergling x6  
  77  5:05  Drone  
  81  5:09  Overseer  
  81  5:11  Overlord  
  81  5:14  Extractor x2  
  81  5:17  Zergling x18  
  88  5:27  Zergling x2  
  89  5:29  Queen  
  89  5:37  Zergling x16  
  91  5:44  Evolution Chamber, Drone x4  
  91  5:45  Evolution Chamber  
  93  5:50  Hydralisk Den, Drone x2  
  93  5:56  Baneling x9  
  94  6:03  Drone x4  
  98  6:10  Hatchery  
Show
View Real Time Build Order
Export as new Build Order

InZaNe Terran 

Build Orders: Gas First Reaper Expand, Mech 

Get SALT Encoding   

  12  0:00  SCV  
  13  0:13  SCV  
  14  0:17  Supply Depot  
  14  0:25  SCV  
  15  0:29  Refinery  
  15  0:38  SCV  
  16  0:44  Barracks  
  16  0:50  SCV  
  17  1:02  SCV  
  18  1:15  SCV  
  19  1:31  Reaper, Orbital Command  
  20  1:43  Command Center  
  20  1:53  Factory  
  20  1:57  SCV  
  21  2:07  Barracks Reactor  
  21  2:09  SCV  
  21  2:12  Supply Depot  
  22  2:19  Refinery  
  22  2:21  SCV  
  23  2:34  SCV  
  24  2:44  Starport, Marine x2  
  25  2:46  SCV  
  27  2:52  Factory Tech Lab  
  27  2:55  Orbital Command  
  28  2:58  SCV  
  28  3:04  Marine x2  
  30  3:10  SCV  
  30  3:20  Factory Tech Lab  
  30  3:22  SCV  
  30  3:23  SCV  
  30  3:26  Viking  
  30  3:27  Marine x2  
  34  3:34  SCV, Supply Depot  
  36  3:38  SCV  
  36  3:39  Siege Tank  
  41  3:46  SCV  
  41  3:48  Marine x2  
  44  3:50  SCV  
  45  3:57  Supply Depot  
  45  3:59  SCV  
  45  4:02  SCV  
  47  4:09  Banshee, Marine x2  
  52  4:11  SCV  
  52  4:14  SCV  
  52  4:16  Supply Depot  
  54  4:19  Siege Tank  
  54  4:23  SCV  
  58  4:26  SCV, Marine x2, Supply Depot  
  61  4:40  SCV, Command Center  
  61  4:41  SCV  
  61  4:44  Marine x2  
  65  4:52  Refinery  
  68  4:53  Refinery  
  68  4:54  Cloaking Field  
  68  4:55  Banshee  
  68  4:59  SCV x2  
  70  5:04  Supply Depot  
  70  5:11  SCV x2  
  72  5:23  SCV x2  
  70  5:39  Hellion, Banshee  
  70  5:42  SCV x2  
  63  5:46  Factory  
  63  5:47  Factory  
  58  5:51  Armory  
  58  5:52  Armory, Orbital Command  
  58  5:54  SCV x2  
  60  6:00  Siege Tank  
  63  6:06  SCV x2  
  63  6:11  Command Center  
  65  6:18  SCV x2  
Tags
 
Add a new tag
Caveats
  • Supply blocks, unpowered buildings, or Contaminate may cause inaccurate times.
  • Supply counts are checked every 10 seconds.